 Dungeon Crawl Stone Soup version 0.29.1-15-g9cfb28693d (webtiles) character file.

Game seed: 909141764247715657

277 H833L the Sneak (level 6, 0/37 HPs)
             Began as a Vampire Enchanter on Mar 14, 2023.
             Was an Initiate of Dithmenos.
             Constricted to death by a goblin (2 damage)
             ... on level 4 of the Dungeon.
             The game lasted 00:46:35 (4078 turns).

H833L the Sneak (Vampire Enchanter)                 Turns: 4078, Time: 00:46:36

Health: 0/37       AC:  7    Str: 15    XL:     6   Next: 4%
Magic:  9/9        EV: 10    Int: 22    God:    Dithmenos [......]
Gold:   221        SH:  0    Dex: 16    Spells: 9/9 levels left

rFire   . . .      SeeInvis +   N - +3 hammer of Grand Judgement {freeze, Str+2}
rCold   . . .      Faith    .   (no shield)
rNeg    . . .      Spirit   .   H - +1 robe "Iluffuh" {-Tele Str+6 Int+4 Archmagi}
rPois   .          Reflect  .   Q - +0 helmet
rElec   .          Harm     .   L - +0 cloak {Stlth+}
rCorr   .          Rampage  .   i - +0 pair of gloves {Stlth+}
Will    .....      Archmagi +   D - +0 pair of boots
Stlth   +++++..... NoTele   +   v - amulet of regeneration
HPRegen 1.12/turn               (no ring)
MPRegen 0.11/turn               (no ring)

@: grasped by roots, healing quickly, constricted, invisible
A: alive, fangs 3, see invisible, vampiric 2, [frail 1]
a: Exsanguinate, Renounce Religion


You were on level 4 of the Dungeon.
You worshipped Dithmenos.
Dithmenos was noncommittal.
You visited 1 branch of the dungeon, and saw 4 of its levels.

You collected 221 gold pieces.

Inventory:

Hand Weapons
 a - a +1 dagger
 B - a +0 short sword
 F - a +0 club
 M - a +4 quarterstaff of chaos
 N - the +3 hammer of Grand Judgement (weapon) {freeze, Str+2}
   (You found it on level 2 of the Dungeon)

   It freezes those it strikes, dealing additional cold damage.
   It can also slow down cold-blooded creatures.
   Str:       It affects your strength (+2).
 S - a +0 rapier
Armour
 i - a +0 pair of gloves of stealth (worn)
 j - a scarf of repulsion
 A - a +3 ring mail
 C - a +0 robe
 D - a +0 pair of boots (worn)
 E - a +0 ring mail
 G - a +0 scale mail
 H - the +1 robe "Iluffuh" (worn) {-Tele Str+6 Int+4 Archmagi}
   (You found it on level 2 of the Dungeon)

   Str:       It affects your strength (+6).
   Int:       It affects your intelligence (+4).
   -Tele:     It prevents most forms of teleportation.
   Archmagi:  It increases the power of your magical spells.
 I - a +0 leather armour
 J - a +0 kite shield
 L - a +0 cloak of stealth (worn)
 Q - a +0 helmet (worn)
Jewellery
 v - an amulet of regeneration (around neck)
Wands
 t - a wand of light (10)
 x - a wand of flame (29)
Scrolls
 e - a scroll of noise {unknown}
 f - a scroll of immolation {unknown}
 k - 3 scrolls of identify {unknown}
 q - 3 scrolls of fear {unknown}
 u - 2 scrolls of teleportation {unknown}
 y - 2 scrolls of poison {unknown}
 P - a scroll of enchant weapon {unknown}
Potions
 c - a potion of invisibility
 g - a potion of attraction {unknown}
 l - a potion of curing {unknown}
 w - a potion of ambrosia {unknown}
 z - 3 potions of lignification {unknown}
 K - a potion of flight {unknown}
 O - a potion of haste {unknown}
 R - a potion of heal wounds {unknown}


   Skills:
 - Level 0.6 Fighting
 - Level 2.3 Short Blades
 * Level 1.4 Maces & Flails
 - Level 1.2 Armour
 + Level 3.2 Dodging
 + Level 6.4 Stealth
 + Level 2.4 Spellcasting
 + Level 5.2 Hexes
 + Level 0.7 Invocations


You had 9 spell levels left.
You didn't know any spells.
Your spell library contained the following spells:

 Spells                   Type           Power      Damage    Failure   Level
 Confusing Touch          Hex            38%        N/A       4%          3
 Tukima's Dance           Hex            38%        N/A       4%          3
 Ensorcelled Hibernation  Hex/Ice        42%        N/A       7%          2
 Dazzling Flash           Conj/Hex       42%        N/A       14%         3
 Poisonous Vapours        Pois/Air       8%         N/A       21%         2
 Corpse Rot               Necr/Pois/Air  4%         N/A       78%         4


Dungeon Overview and Level Annotations

Branches:
Dungeon (4/15)
 Temple: D:4-7

Altars:
Dithmenos
Hepliaklqana
Vehumet


Innate Abilities, Weirdness & Mutations

Your natural rate of healing is accelerated.
You have razor-sharp teeth.
You have supernaturally acute eyesight. (SInv)
You are afflicted with vampirism and can become a bat while bloodless.
[You are frail. (-10% HP)]


Message History

The ball explodes into a vile cloud!
The stinking cloud engulfs you but does no damage.
Unknown command.
You are engulfed in noxious fumes.
You choke on the stench!
You are confused.
You bump into the rock wall.
You are engulfed in noxious fumes.
You choke on the stench!
You are more confused.
You bump into the rock wall.
You feel less confused.
Found 14 gold pieces.
Found 17 gold pieces.
Found a stone staircase leading down.
You now have 221 gold pieces (gained 14).
A goblin comes into view.
It is wielding a +0 club and carrying a wand of roots (11).
An iguana comes into view.
Found 19 gold pieces.
You completely miss the iguana.
The iguana hisses angrily.
The goblin shouts!
The iguana bites you! The iguana bites you.
You hit the iguana. You freeze the iguana.
The iguana is lightly wounded.
The iguana closely misses you.
You hit the iguana. You freeze the iguana.
The iguana is heavily wounded.
The iguana misses you.
The goblin zaps a wand.
The roots erupt in riotous growth!
The iguana is unaffected.
The grasping roots grab you!
The goblin is unaffected.
The grasping roots constrict you.
You hear a shout!
You hit the iguana but do no damage.
The iguana is heavily wounded.
The iguana closely misses you. The grasping roots constrict you.
The iguana bites you! The grasping roots constrict you.
* * * LOW HITPOINT WARNING * * *
You fade into invisibility!
The iguana bites you!
* * * LOW HITPOINT WARNING * * *
The grasping roots constrict you.
You die...

.# .## ## #.. ...
$.. #.. #..
#.###.# #.#.#
#.#..# #.#.#
####.#.###.#.#
##..........#.#
..............#
#.####@###...###..
#.lg.........
#####...####.
#..$.....
#######..######
.........#
#######.##
####.########.###
................#


You could see an iguana (unable to see you) and a goblin (unable to see you).

Vanquished Creatures
  A phantom (D:4)
  A jelly (D:3)
  Crazy Yiuf (D:2)
  An orc wizard (D:2)
  5 adders
  2 worms (D:3)
  3 dart slugs
  3 orcs (D:2)
  4 endoplasms
  A giant cockroach (D:2)
  3 goblins (D:2)
  6 hobgoblins
  6 jackals
  4 kobolds
  2 quokkas (D:1)
  5 ball pythons
  7 bats
  2 frilled lizards
  6 rats
63 creatures vanquished.

Notes
Turn   | Place    | Note
-------+----------+-------------------------------------------
     0 | D:1      | H833L the Vampire Enchanter began the quest for the Orb.
     0 | D:1      | Reached XP level 1. HP: 13/13 MP: 3/3
   489 | D:1      | Reached XP level 2. HP: 15/19 MP: 5/5
   499 | D:1      | Reached skill level 5 in Stealth
   985 | D:1      | Gained mutation: You are afflicted with vampirism and can
                  | become a bat while bloodless. [Vampire growth]
   985 | D:1      | Reached XP level 3. HP: 17/19 MP: 6/6
  1388 | D:2      | Found a faded altar of an unknown god.
  1448 | D:2      | Prayed at the altar of an unknown god.
  1448 | D:2      | Became a worshipper of Vehumet
  1448 | D:2      | Reached * piety under Vehumet
  1448 | D:2      | Offered knowledge of Sandblast by Vehumet.
  1676 | D:2      | Found a runed translucent door.
  1677 | D:2      | Noticed Crazy Yiuf
  2035 | D:2      | Identified the +1 robe "Iluffuh" {-Tele Str+6 Int+4
                  | Archmagi}
  2047 | D:2      | Reached XP level 4. HP: 27/27 MP: 7/7
  2085 | D:2      | Reached skill level 1 in Armour
  2689 | D:2      | Killed Crazy Yiuf
  2690 | D:2      | Reached skill level 6 in Stealth
  2695 | D:2      | Identified the +3 hammer of Grand Judgement {freeze, Str+2}
  3057 | D:3      | Found a shadowy altar of Dithmenos.
  3063 | D:3      | Reached XP level 5. HP: 32/32 MP: 8/8
  3305 | D:3      | Fell from the grace of Vehumet
  3305 | D:3      | Became a worshipper of Dithmenos the Shadowed
  3468 | D:3      | Reached skill level 5 in Hexes
  3546 | D:3      | Reached skill level 1 in Maces & Flails
  3558 | D:3      | Found a hazy altar of Hepliaklqana.
  3972 | D:4      | Noticed a phantom
  3981 | D:4      | Killed a phantom
  3982 | D:4      | Reached XP level 6. HP: 37/37 MP: 9/9
  4078 | D:4      | Constricted to death by a goblin

Illustrated notes

Levels and vault maps discovered:
D:1:      amcnicky_arrival_feature_with_door, layout_basic
D:2:      layout_loops_ring, hellmonk_ecumenical_altar_lost_god, chequers_jeans,
          uniq_crazy_yiuf_cottage
D:3:      layout_loops_ring, nicolae_dithmenos_the_darkroom,
          nzn_hepliaklqana_mist_gate, glass_columns_a,
          chequers_serial_rivers_large_b, minmay_liquid_box,
          nicolae_figureground_pulse
D:4:      layout_loops_ring, minmay_temple_entry_hall

Skill      XL: |  1  2  3  4  5 |
---------------+----------------+-----
Stealth        | 5 6 |  6.4
Short Blades   | 2 |  2.3
Armour         | 1 |  1.2
Dodging        | 3 |  3.2
Hexes          | 5 |  5.2
Maces & Flails | 1 |  1.4
Fighting       | |  0.6
Spellcasting   | |  2.4
Invocations    | |  0.7

Action                   |  1- 3 |  4- 6 || total
-------------------------+-------+-------++-------
Melee: Dagger            |   142 |    82 ||   224
       Bite              |    14 |     6 ||    20
       Mace              |       |    13 ||    13
 Abil: Exsanguinate      |     1 |       ||     1
       Revivify          |     1 |       ||     1
  Use: Potion            |       |     2 ||     2
 Stab: Sleeping          |    14 |    11 ||    25
       Invisible         |       |     2 ||     2
Armor: Ring mail         |    55 |    13 ||    68
       Robe              |       |    26 ||    26
Dodge: Dodged            |    72 |    58 ||   130
       Repelled          |       |     1 ||     1
